 Dungeon Crawl Stone Soup version 0.29.0-11-gd7f09526c8 (webtiles) character file.

Game seed: 4070574360611204096

6357 Flugkiller the Cleaver (level 10, -15/139 HPs)
             Began as a Minotaur Fighter on Sept 6, 2022.
             Was an Elder of Trog.
             Demolished by a two-headed ogre
             ... wielding a +0 giant club
              (19 damage)
             ... on level 9 of the Dungeon.
             The game lasted 00:04:34 (9364 turns).

Flugkiller the Cleaver (Minotaur Fighter)           Turns: 9364, Time: 00:04:34

Health: -15/139    AC: 12    Str: 24    XL:     10   Next: 65%
Magic:  9/9        EV: 12    Int:  5    God:    Trog [****..]
Gold:   215        SH:  5    Dex: 14    Spells: 9/9 levels left

rFire   . . .      SeeInvis .   a - +1 war axe (freeze)
rCold   . . .      Faith    .   c - +0 buckler
rNeg    . . .      Spirit   .   b - +0 scale mail
rPois   .          Reflect  .   (helmet restricted)
rElec   .          Harm     .   (no cloak)
rCorr   .          Rampage  +   w - +1 pair of gloves {Str+3}
Will    ++...                   H - +0 pair of boots {rampage}
Stlth   ..........              y - amulet of the acrobat
HPRegen 0.33/turn               m - ring of willpower
MPRegen 0.11/turn               u - ring of willpower

@: berserking, lethally poisoned (-15 -> -22), very quick
A: horns 2, retaliatory headbutt
a: Renounce Religion, Berserk, Trog's Hand, Brothers in Arms


You were on level 9 of the Dungeon.
You worshipped Trog.
Trog was greatly pleased with you.
You visited 2 branches of the dungeon, and saw 10 of its levels.

You collected 613 gold pieces.
You spent 398 gold pieces at shops.

Inventory:

Hand Weapons
 a - a +1 war axe of freezing (weapon)
Missiles
 x - 2 throwing nets (quivered)
Armour
 b - a +0 scale mail (worn)
 c - a +0 buckler (worn)
 w - a +1 pair of gloves of strength (worn)
   (You bought it in a shop on level 9 of the Dungeon)
 H - a +0 pair of boots of rampaging (worn)
   (You bought it in a shop on level 9 of the Dungeon)
 J - +0 swamp dragon scales
   (You took it off Maggie on level 6 of the Dungeon)
Jewellery
 f - a ring of protection from fire
   (You found it on level 5 of the Dungeon)
 k - a ring of magical power
   (You found it on level 7 of the Dungeon)
 m - a ring of willpower (left hand)
   (You found it on level 1 of the Dungeon)
 o - an amulet of guardian spirit
   (You found it on level 8 of the Dungeon)
 r - a ring of flight
   (You found it on level 8 of the Dungeon)
 u - a ring of willpower (right hand)
   (You took it off a hobgoblin on level 3 of the Dungeon)
 y - an amulet of the acrobat (around neck)
   (You found it on level 5 of the Dungeon)
Wands
 g - a wand of digging (16)
   (You took it off Ijyb on level 5 of the Dungeon)
 v - a wand of roots (18)
   (You took it off Robin on level 4 of the Dungeon)
Scrolls
 i - a scroll of fear
 j - a scroll of acquirement
 l - a scroll of vulnerability
 p - 3 scrolls of fog
 t - 4 scrolls of teleportation
 z - 2 scrolls of blinking
 K - a scroll of immolation
Potions
 d - 2 potions of might
 e - 2 potions of haste {unknown}
 h - 6 potions of lignification
 n - a potion of resistance
 q - 3 potions of curing
 s - 3 potions of flight {unknown}
 A - 2 potions of magic {unknown}
 B - 2 potions of degeneration {unknown}
 C - 3 potions of mutation {unknown}
 D - 2 potions of berserk rage {unknown}
 E - 3 potions of ambrosia {unknown}
 F - 4 potions of attraction {unknown}
 G - 2 potions of cancellation {unknown}
 M - a potion of invisibility {unknown}


   Skills:
 + Level 10.0 Fighting
 * Level 13.1 Axes
 + Level 10.0 Armour
 + Level 5.2 Dodging
 - Level 3.6 Shields


You had 9 spell levels left.
You didn't know any spells.
Your spell library was empty.

Dungeon Overview and Level Annotations

Branches:
Dungeon (9/15)             Temple (1/1) D:5            Lair (0/5) D:9
    Orc: D:9-12

Altars:
Ashenzari
Cheibriados
Dithmenos
Elyvilon
Fedhas
Gozag
Makhleb
Nemelex Xobeh
Okawaru
Qazlal
Ru
Sif Muna
Trog
Uskayaw
Vehumet
Wu Jian
Xom
Yredelemnul

Shops:
D:3 (   D:7 (   D:9 [*

Annotations:
D:3 2 transporters, WLBjork's ghost, amateur KoBr
D:8 3 runed translucent doors


Innate Abilities, Weirdness & Mutations

You have a pair of horns on your head.
You reflexively headbutt those who attack you in melee.


Message History

You headbutt the killer bee. You slash the killer bee!
You freeze the killer bee.
You kill the killer bee!
Trog accepts your kill.
You miss the killer bee. You slash the killer bee! You freeze the killer bee.
A red film seems to cover your vision as you go berserk!
You feel yourself moving faster!
You feel mighty!
You can no longer call in reinforcements.
The killer bee stings you.
You are poisoned.
The killer bee poisons you! You block the killer bee's attack.
The killer bee stings you.
You are more poisoned.
The killer bee poisons you!
You closely miss the killer bee. You headbutt the killer bee.
You kill the killer bee!
Trog accepts your kill.
You barely miss the killer bee. You slash the killer bee!
You freeze the killer bee!
You kill the killer bee!
Trog accepts your kill.
You feel very sick. You block the killer bee's attack.
You barely miss the killer bee. Your headbutt misses the killer bee.
You closely miss the killer bee.
You feel very sick. The killer bee stings you.
You are more poisoned.
The killer bee poisons you! The killer bee closely misses you.
A two-headed ogre comes into view.
It is wielding a +0 giant club and a +0 giant spiked club.
The killer bee closely misses you. You block the killer bee's attack.
You hit the death yak. You freeze the death yak.
The death yak is lightly wounded.
You miss the killer bee. You slash the killer bee! You freeze the killer bee.
You feel sick.
The killer bee stings you but does no damage.
You block the killer bee's attack. You block the death yak's attack.
You closely miss the killer bee. You headbutt the killer bee.
You kill the killer bee!
Trog accepts your kill.
You slash the death yak! You freeze the death yak. You hit the killer bee.
You freeze the killer bee.
You feel very sick. The killer bee closely misses you. You furiously retaliate!
You headbutt the killer bee! You miss the killer bee.
The killer bee is almost dead.
You slash the death yak! You freeze the death yak.
You feel sick. The killer bee stings you.
You are more poisoned.
The killer bee poisons you! The death yak gores you!
You are too injured to fight recklessly!
You are too injured to fight recklessly!
You are too injured to fight recklessly!
You are too injured to fight recklessly!
You miss the killer bee. You headbutt the killer bee.
You feel the power of Trog in you as your rage grows.
You kill the killer bee!
Trog accepts your kill.
You hit the basilisk.
The basilisk seems to slow down.
You freeze the basilisk. You slash the death yak! You freeze the death yak.
You feel very sick.
You hit the death yak. You freeze the death yak.
The death yak is almost dead.
You barely miss the basilisk.
You feel very sick. You block the death yak's attack.
The basilisk gazes at you. You resist with almost no effort.
You slash the death yak! You freeze the death yak.
You kill the death yak!
Trog accepts your kill.
You can now call in reinforcements.
You barely miss the basilisk.
You feel sick.
Your Axes skill increases to level 13!
Your Dodging skill increases to level 5!
You closely miss the basilisk. You headbutt the basilisk!
The basilisk is moderately wounded.
You feel sick. The basilisk bites you.
* * * LOW HITPOINT WARNING * * *
You closely miss the basilisk.
The basilisk is moderately wounded.
You feel sick.
The basilisk is no longer moving slowly.
You slash the basilisk! You freeze the basilisk.
The basilisk is almost dead.
You feel sick. The basilisk bites you.
* * * LOW HITPOINT WARNING * * *
You slash the basilisk! You freeze the basilisk.
You kill the basilisk!
Trog accepts your kill.
You feel sick.
Your Fighting skill increases to level 10!
Your Armour skill increases to level 10!
You slash the two-headed ogre! You freeze the two-headed ogre.
The two-headed ogre is moderately wounded.
You feel sick.
The two-headed ogre hits you with a +0 giant club!!
* * * LOW HITPOINT WARNING * * *
The two-headed ogre hits you with a +0 giant spiked club!!
You die...

##............
......>......
............ #.........
#.......# #.......#
#..O††# .# #..@# +# .##
##..####.# # ..#
##...#..# #####.#####
###...# .......?..# ###
##)### ..........###.#
#...# ......†.....#.#
#.#.# ..........#.#.#
...#.+
..........#.'.#######.#


You could see a two-headed ogre.

Vanquished Creatures
  Erolcha (D:9)
  2 two-headed ogres (D:8)
  A death yak (D:9)
  Pikel (D:5)
  Maggie (D:6)
  Prince Ribbit (D:7)
  Grinder (D:5)
  Sigmund (D:5)
  A basilisk (D:9)
  Eustachio (D:6)
  A wyvern (D:9)
  An acid dragon (D:8)
  Edmund (D:6)
  Duvessa (D:6)
  An ice beast (D:7)
  A phantom (D:6)
  2 lemures (D:5)
  4 kobold brigands
  A bullfrog (D:7)
  2 scorpions
  3 wights (D:5)
  Dowan (D:6)
  5 killer bees (D:9)
  3 howler monkeys
  A gnoll bouda (Temple)
  2 orc priests
  3 hounds
  3 jellies
  Ijyb (D:5)
  3 iguanas
  6 orc wizards
  Robin (D:4)
  11 adders
  6 gnolls
  A shadow imp (D:7)
  4 white imps
  3 ufetubi
  A worm (D:4)
  3 dart slugs
  24 orcs
  3 bats
  7 endoplasms
  4 giant cockroaches
  16 goblins
  9 hobgoblins
  4 quokkas
  6 ball pythons
  A ball python skeleton (D:2)
  5 frilled lizards
  24 kobolds
  12 rats
202 creatures vanquished.

Vanquished Creatures (others)
  A hobgoblin (D:4)
  2 fungi (D:1)
  4 plants (D:7)
  5 toadstools (D:7)
  5 withered plants (D:2)
17 creatures vanquished.

Grand Total: 219 creatures vanquished

Notes
Turn   | Place    | Note
-------+----------+-------------------------------------------
     0 | D:1      | Flugkiller the Minotaur Fighter began the quest for the
                  | Orb.
     0 | D:1      | Reached XP level 1. HP: 19/19 MP: 0/0
   276 | D:1      | Found a faded altar of an unknown god.
   283 | D:1      | Reached skill level 3 in Axes
   283 | D:1      | Reached XP level 2. HP: 27/27 MP: 1/1
   338 | D:1      | Prayed at the altar of an unknown god.
   338 | D:1      | Became a worshipper of Trog the Wrathful
   338 | D:1      | Reached * piety under Trog
   910 | D:2      | Reached ** piety under Trog
   914 | D:2      | Reached XP level 3. HP: 33/33 MP: 2/2
  1162 | D:2      | Reached skill level 4 in Axes
  1306 | D:2      | Identified the +1 ring mail of Sadd {rPois rN+ Will+ Int+2}
  1565 | D:3      | Reached XP level 4. HP: 38/40 MP: 3/3
  1646 | D:3      | Found a radiant altar of Vehumet.
  1646 | D:3      | Found a snail-covered altar of Cheibriados.
  1661 | D:3      | Found Qamoul's Antique Weapon Shoppe.
  1780 | D:3      | Noticed WLBjork's ghost (amateur KoBr)
  1781 | D:3      | Found a transporter.
  1850 | D:3      | Found a transporter.
  2245 | D:3      | Reached *** piety under Trog
  2286 | D:3      | Found a sparkling altar of Nemelex Xobeh.
  2450 | D:4      | Noticed a scorpion
  2454 | D:4      | Killed a scorpion
  2455 | D:4      | Reached skill level 5 in Axes
  2455 | D:4      | Reached XP level 5. HP: 47/47 MP: 4/4
  2480 | D:4      | Noticed Robin
  2490 | D:4      | Reached skill level 5 in Fighting
  2490 | D:4      | Reached skill level 5 in Armour
  2506 | D:4      | Killed Robin
  2517 | D:4      | Reached XP level 6. HP: 44/56 MP: 5/5
  2551 | D:4      | Found a burning altar of Makhleb.
  2902 | D:4      | Reached skill level 6 in Axes
  3241 | D:4      | Found a stormy altar of Qazlal.
  3545 | D:5      | Entered Level 5 of the Dungeon
  3839 | D:5      | Noticed Ijyb
  3849 | D:5      | Reached XP level 7. HP: 34/61 MP: 6/6
  3850 | D:5      | Killed Ijyb
  3855 | D:5      | Reached skill level 7 in Axes
  4033 | D:5      | Found a staircase to the Ecumenical Temple.
  4035 | D:5      | Noticed Sigmund
  4048 | D:5      | Killed Sigmund
  4071 | Temple   | Entered the Ecumenical Temple
  4078 | Temple   | Reached **** piety under Trog
  4368 | D:5      | Reached skill level 8 in Axes
  4450 | D:5      | Noticed Grinder
  4461 | D:5      | Killed Grinder
  4462 | D:5      | Reached XP level 8. HP: 57/71 MP: 7/7
  4598 | D:5      | Found an ornate altar of the Wu Jian Council.
  4599 | D:5      | Noticed Pikel
  4608 | D:5      | Killed Pikel
  4609 | D:5      | Reached skill level 9 in Axes
  5204 | D:6      | Noticed Duvessa
  5205 | D:6      | Found a bloodstained altar of Trog.
  5209 | D:6      | Killed Duvessa
  5210 | D:6      | Noticed Dowan
  5221 | D:6      | Killed Dowan
  5337 | D:6      | Found a shimmering blue altar of Sif Muna.
  5354 | D:6      | Noticed Edmund
  5362 | D:6      | Killed Edmund
  5363 | D:6      | Reached skill level 10 in Axes
  5386 | D:6      | Noticed Eustachio
  5402 | D:6      | Killed Eustachio
  5403 | D:6      | Reached XP level 9. HP: 81/81 MP: 8/8
  5915 | D:6      | Noticed Maggie
  5934 | D:6      | Killed Maggie
  5935 | D:6      | Reached skill level 1 in Dodging
  6381 | D:7      | Reached skill level 11 in Axes
  6383 | D:7      | Noticed Prince Ribbit
  6391 | D:7      | Killed Prince Ribbit
  6417 | D:7      | Found Kedoxa's Antique Weapon Shoppe.
  6604 | D:7      | Identified a scroll of acquirement
  7315 | D:8      | Found a runed translucent gate.
  7315 | D:8      | Found a runed translucent gate.
  7315 | D:8      | Noticed a brown ugly thing
  7315 | D:8      | Noticed a cyan ugly thing
  7316 | D:8      | Found a runed translucent gate.
  7317 | D:8      | Noticed a glowing orange brain
  7317 | D:8      | Noticed a white ugly thing
  7317 | D:8      | Noticed a brown ugly thing
  7932 | D:8      | Noticed a two-headed ogre
  7938 | D:8      | Killed a two-headed ogre
  7939 | D:8      | Reached skill level 12 in Axes
  7939 | D:8      | Reached XP level 10. HP: 86/91 MP: 9/9
  8108 | D:8      | Noticed a two-headed ogre
  8114 | D:8      | Killed a two-headed ogre
  8872 | D:9      | Found a basalt altar of Yredelemnul.
  8875 | D:9      | Found Soqoq's General Store.
  8883 | D:9      | Bought a +1 pair of gloves of strength for 214 gold pieces
  8891 | D:9      | Found Ricul's Armour Shop.
  8906 | D:9      | Bought a +0 pair of boots of rampaging for 184 gold pieces
  8962 | D:9      | Noticed Erolcha
  9254 | D:9      | Killed Erolcha
  9345 | D:9      | Found a staircase to the Lair.
  9347 | D:9      | Noticed a death yak
  9353 | D:9      | Noticed a two-headed ogre
  9359 | D:9      | Killed a death yak
  9360 | D:9      | Reached skill level 13 in Axes
  9360 | D:9      | Reached skill level 5 in Dodging
  9364 | D:9      | Reached skill level 10 in Fighting
  9364 | D:9      | Reached skill level 10 in Armour
  9364 | D:9      | HP: 4/139 [two-headed ogre/+0 giant club (24)]
  9364 | D:9      | Demolished by a two-headed ogre

Illustrated notes

Levels and vault maps discovered:
D:1:      dpeg_arrival_ratfight, layout_basic,
          shapermc_ecumenical_altar_rom_forum
D:2:      layout_loops_cross, serial_undead, serial_undead_f, serial_undead_c,
          serial_undead_e, serial_undead_b, serial_park_tiny_1
D:3:      layout_basic, nemelex_xobeh_ov_fountains_minmay,
          gammafunk_temple_overflow_wave, serial_shops,
          nicolae_shop_window_shopping, serial_rivers,
          chequers_serial_rivers_small_a, chequers_serial_rivers_small_a,
          chequers_serial_rivers_small_b, chequers_serial_rivers_small_3,
          gammafunk_ghost_mausoleum
D:4:      layout_loops_corners, grunt_qazlal_clouds, lightli_temple_of_fire,
          uniq_robin
D:5:      layout_loops_corners, nzn_wu_jian_contemplation,
          minmay_temple_entry_ruins, uniq_ijyb, uniq_grinder, uniq_sigmund,
          uniq_pikel
D:6:      layout_basic, nzn_overflow_gifts_of_might_and_magic,
          amcnicky_mini_pool_small, uniq_eustachio, uniq_edmund, uniq_maggie
D:7:      layout_gridville, serial_shops, nicolae_shop_overgrown_old_shop,
          minmay_gold_behind_fungi, amcnicky_mini_corridor_feature,
          minmay_misc_feat_secret_circle, dk_noncrumbling_2, uniq_prince_ribbit1
D:8:      layout_loops_corners, serial_rivers, chequers_serial_rivers_large_b,
          chequers_serial_rivers_large_a, chequers_serial_rivers_room_b,
          chequers_serial_rivers_marsh, chequers_serial_rivers_marsh,
          chequers_serial_rivers_small_a,
          ploomutoo_gammafunk_ghost_potion_laboratory
D:9:      layout_roguey, overflow_temple_1_default,
          mainiacjoe_overflow_catch_the_wave, david_lair_generic, serial_shops,
          nicolae_square_shop, shop, shop, minmay_stone_trees_medium,
          uniq_erolcha
Temple:   hellmonk_temple_forest_ring

Skill      XL: |  1  2  3  4  5  6  7  8  9 10 |
---------------+-------------------------------+-----
Axes           | 3 4 5 6 8 10 12 13 | 13.1
Armour         | 4 5 6 8 9 10 | 10.0
Fighting       | 4 5 6 8 9 10 | 10.0
Dodging        | 3 5 |  5.2
Shields        | |  3.6

Action                   |  1- 3 |  4- 6 |  7- 9 | 10-12 || total
-------------------------+-------+-------+-------+-------++-------
Melee: War axe           |    85 |   131 |   165 |    48 ||   429
       Headbutt          |    12 |    28 |    37 |    11 ||    88
Invok: Trog's Hand       |       |     2 |     1 |       ||     3
       Berserk           |       |       |    10 |     5 ||    15
  Use: Scroll            |       |       |    14 |     1 ||    15
       Potion            |       |       |       |     2 ||     2
Armor: Scale mail        |    35 |    64 |    51 |     8 ||   158
Dodge: Dodged            |    31 |    61 |    79 |    17 ||   188
Block: Buckler           |    14 |    25 |    28 |    13 ||    80
